 Dungeon Crawl Stone Soup version 0.13.2 (webtiles) character file.

391 Jack the Stinger (level 6, 0/36 HPs)
             Began as an Octopode Venom Mage on May 9, 2017.
             Was an Initiate of Ashenzari.
             Slain by a hound skeleton (2 damage)
             ... on Level 4 of the Dungeon.
             The game lasted 00:14:17 (2470 turns).

Jack the Stinger (Octopode Venom Mage)              Turns: 2470, Time: 00:14:17

HP   0/36        AC  1     Str  8      XL: 6   Next: 15%
MP   0/13        EV 14     Int 19      God: Ashenzari [......]
Gold 136         SH  0     Dex 12      Spells:  3 memorised,  5 levels left

Res.Fire  : . . .   See Invis. : .   a - +0 whip
Res.Cold  : . . .   Warding    : .   (no shield)
Life Prot.: . . .   Conserve   : .   (helmet restricted)
Res.Poison: .       Res.Corr.  : .   (no amulet)
Res.Elec. : .       Clarity    : .   v - +2 ring of evasion
Sust.Abil.: . .     Spirit.Shd : .   (no ring)
Res.Mut.  : .       Stasis     : .   (no ring)
Res.Rott. : .       Flight     : .   (no ring)
Saprovore : . . .                    (no ring)
                                     (no ring)
                                     (no ring)
                                     (no ring)

@: mildly poisoned, slightly resistant to hostile enchantments, quite stealthy
A: almost no armour, amphibious, 8 rings, constrict 8, camouflage 1, AC +1
a: Renounce Religion


You were on level 4 of the Dungeon.
You worshipped Ashenzari.
Ashenzari was noncommittal.
You were hungry.

You visited 1 branch of the dungeon, and saw 4 of its levels.

You collected 116 gold pieces.

Inventory:

Hand weapons
 a - a +0,+0 whip (weapon)
Comestibles
 c - a bread ration
 g - a choko
 t - a pear
Scrolls
 d - a scroll of enchant weapon II {unknown}
 f - a scroll of fog {unknown}
 j - 4 scrolls of identify
 k - 3 scrolls of enchant armour {unknown}
 l - a scroll of curse jewellery
 m - a scroll of random uselessness {unknown}
 o - a scroll of curse armour
 p - 2 scrolls of remove curse
 r - a scroll of recharging {unknown}
 s - 4 scrolls of amnesia {unknown}
Jewellery
 q - an uncursed amulet of guardian spirit
 v - a +2 ring of evasion (left tentacle)
 w - a +1 ring of protection
Potions
 e - a potion of curing {unknown}
 h - a potion of flight {unknown}
 i - 2 potions of resistance
 n - 2 potions of heal wounds
 u - a potion of invisibility {unknown}
Books
 b - a Young Poisoner's Handbook

   Spells                             Type                      Level
   *Sting                             Conjuration/Poison           1
   *Cure Poison                       Poison                       2
   Mephitic Cloud                     Conjuration/Poison/Air       3
   *Olgreb's Toxic Radiance           Poison                       4
   Venom Bolt                         Conjuration/Poison           5


   Skills:
 - Level 2.0 Dodging
 - Level 2.6 Stealth
 + Level 3.7 Spellcasting
 + Level 7.1 Poison Magic


You had 5 spell levels left.
You knew the following spells:

 Your Spells              Type           Power        Failure   Level  Hunger
a - Sting                 Conj/Pois      ###.         4%          1    None
b - Cure Poison           Pois           ####......   1%          2    ##.....
c - Olgreb's Toxic Radia  Pois           ####....     10%         4    ####...


Dungeon Overview and Level Annotations

Branches:
Dungeon (4/27)
 Temple: D:4-7

Altars:
Ashenzari


Innate Abilities, Weirdness & Mutations

You cannot wear most types of armour.
You are amphibious.
You can wear up to eight rings at the same time.
You can use your tentacles to constrict many enemies at once.
Your skin changes colour to match your surroundings (Stlth).
Your rubbery body absorbs attacks (AC +1).


Message History

Press: ? - help, Shift-Dir - straight line, f/p - orc priest
Aim: an orc priest, wielding an orcish hand axe and wearing an orcish chain mail (severely wounded, constricted by you, poisoned)
The sting hits the orc priest.
The orc priest is severely wounded.
* * * LOW HITPOINT WARNING * * *
You feel sick.
You constrict the orc priest, but do no damage.
The orc priest barely misses you.
The hound skeleton completely misses you.
The kobold throws a dart.
The dart hits you!
You release your grip on the orc priest.
You kill the orc priest!
Your Poison Magic skill increases to level 7!
The hound skeleton bites you.
* * * LOW HITPOINT WARNING * * *
* * * LOW HITPOINT WARNING * * *
You feel sick.
You feel a little better. The hound skeleton bites you.
You die...

... ... ... #.#
##.# ..#######
#...).....
.#######.########.
.........@........
.######.z##.######
#(.# # #(.# #.)#
#..# #.K# ....
..)..


You could see a kobold and a hound skeleton.

Vanquished Creatures
  An orc priest (D:4)
  A hound (D:3)
  An orc wizard (D:4)
  Terence (D:2)
  7 adders
  3 gnolls (D:2)
  A giant gecko (D:1)
  3 orcs (D:4)
  7 bats
  3 giant cockroaches
  6 hobgoblins
  4 jackals (D:3)
  6 kobolds
  2 quokkas
  A giant newt (D:3)
  8 goblins
  8 rats
63 creatures vanquished.

Notes
Turn   | Place    | Note
--------------------------------------------------------------
     0 | D:1      | Jack, the Octopode Venom Mage, began the quest for the Orb.
     0 | D:1      | Reached XP level 1. HP: 11/11 MP: 3/3
    82 | D:1      | Reached skill level 5 in Poison Magic
   127 | D:1      | Reached XP level 2. HP: 7/17 MP: 2/4
   694 | D:2      | Reached XP level 3. HP: 17/21 MP: 2/6
   908 | D:2      | Reached XP level 4. HP: 21/27 MP: 5/8
   926 | D:2      | Learned a level 2 spell: Cure Poison
  1056 | D:2      | Learned a level 4 spell: Olgreb's Toxic Radiance
  1164 | D:2      | Reached skill level 6 in Poison Magic
  1289 | D:2      | Noticed Terence
  1336 | D:2      | Killed Terence
  1336 | D:2      | Reached XP level 5. HP: 17/31 MP: 0/10
  1790 | D:3      | Found a shattered altar of Ashenzari.
  1811 | D:3      | Became a worshipper of Ashenzari the Shackled
  2064 | D:3      | Noticed a phantom
  2460 | D:4      | Reached XP level 6. HP: 36/36 MP: 4/13
  2468 | D:4      | Reached skill level 7 in Poison Magic
  2470 | D:4      | Slain by a hound skeleton

Action                   |  1- 3 |  4- 6 || total
-------------------------+-------+-------++-------
Melee: Whip              |    44 |    29 ||    73
 Cast: Sting             |    33 |    70 ||   103
       Olgreb's Toxic Ra |       |     3 ||     3
       Cure Poison       |       |     2 ||     2
  Use: Scroll            |       |     4 ||     4
 Stab: Sleeping          |     1 |       ||     1
